 Dungeon Crawl Stone Soup version 0.27.1-33-g824d729ab1 (webtiles) character file.

Game seed: 12123884418028267084

6055 zeram the Cleaver (level 10, -9/77 HPs)
             Began as a Hill Orc Fighter on Dec 13, 2021.
             Was an Initiate of Gozag.
             Mangled by an orc knight (16 damage)
             ... on level 1 of the Orcish Mines.
             The game lasted 00:14:12 (8902 turns).

zeram the Cleaver (Hill Orc Fighter)                Turns: 8902, Time: 00:14:12

Health: -9/77      AC: 22    Str: 23    XL:     10   Next: 87%
Magic:  10/10      EV:  6    Int:  8    God:    Gozag
Gold:   1409       SH: 13    Dex: 10    Spells: 9/9 levels left

rFire    . . .     SeeInvis .   a - +2 war axe
rCold    . . .     Faith    .   c - +1 kite shield
rNeg     + . .     Spirit   .   g - +0 plate armour
rPois    .         Reflect  .   j - +2 helmet
rElec    .         Harm     .   x - +1 cloak
rCorr    .         Rampage  .   h - +2 pair of gloves
Will     +....                  (no boots)
Stlth    ..........             i - amulet of regeneration
HPRegen  1.22/turn              l - ring of positive energy
MPRegen  0.12/turn              r - ring of willpower

@: invisible
A: no striking features
a: Renounce Religion, Potion Petition, Call Merchant, Bribe Branch


You were on level 1 of the Orcish Mines.
You worshipped Gozag.
Gozag was most pleased with you.
You visited 3 branches of the dungeon, and saw 12 of its levels.
You also visited: Ossuary.

You collected 1512 gold pieces.
You paid 103 gold pieces to Gozag.

Inventory:

Hand Weapons
 a - a +2 war axe (weapon)
 k - a +0 dagger
 w - the +6 shillelagh "Devastator" {shatter}
   (You found it on level 6 of the Dungeon)

   It releases a powerful concussive burst when it strikes, dealing extra damage
   to the target and all other foes adjacent to them.
Armour
 c - a +1 kite shield (worn)
 g - a +0 plate armour (worn)
 h - a +2 pair of gloves (worn)
 j - a +2 helmet (worn)
 x - a +1 cloak (worn)
 G - a +0 robe of the Archmagi
Jewellery
 i - an amulet of regeneration (around neck)
 l - a ring of positive energy (left hand)
 r - a ring of willpower (right hand)
Wands
 n - a wand of mindburst (16)
 t - a wand of iceblast (9)
 u - a wand of digging (5)
 z - a wand of acid (11)
 I - a wand of flame (18)
 J - a wand of charming (3)
Scrolls
 e - 2 scrolls of amnesia
 m - 2 scrolls of fog
 s - 3 scrolls of teleportation
 y - 2 scrolls of identify
 D - 2 scrolls of fear
 E - a scroll of blinking
Potions
 b - a potion of mutation {unknown}
 d - a potion of might
 o - a potion of lignification
 p - a potion of haste
 q - a potion of magic {unknown}
 v - 2 potions of flight {unknown}
 A - a potion of attraction {unknown}
 B - a potion of ambrosia {unknown}
 C - a potion of experience {unknown}
 F - a potion of resistance {unknown}
 H - 2 potions of berserk rage {unknown}
Miscellaneous
 L - a phantom mirror


   Skills:
 - Level 3.6 Fighting
 + Level 14.7 Axes
 + Level 8.4 Armour
 + Level 9.6 Shields


You had 9 spell levels left.
You didn't know any spells.
Your spell library contained the following spells:

 Spells                   Type           Power      Damage    Failure   Level
 Foxfire                  Conj/Fire      0%         2x1d4     100%        1
 Ensorcelled Hibernation  Hex/Ice        0%         N/A       100%        2
 Conjure Flame            Conj/Fire      0%         6-21      100%        3
 Inner Flame              Hex/Fire       0%         N/A       100%        3
 Spider Form              Tmut/Pois      0%         N/A       100%        3
 Shadow Creatures         Summ           N/A        N/A       100%        6


Dungeon Overview and Level Annotations

Branches:
Dungeon (9/15)             Temple (1/1) D:6             Orc (2/2) D:9
Ossuary (visited)
   Lair: D:8-11         Elf: Orc:2

Altars:
Ashenzari
Cheibriados
Dithmenos
Elyvilon
Fedhas
Gozag
Hepliaklqana
Kikubaaqudgha
Makhleb
Nemelex Xobeh
Okawaru
Qazlal
Ru
Sif Muna
Trog
Uskayaw
Vehumet
Wu Jian
Zin
The Shining One

Shops:
Orc:1 (

Annotations:
D:3 2 transporters, 2bobheroes's ghost, amateur OgHu


Message History

Beogh smites you!
The orc warrior hits you but does no damage.
You hit the orc priest.
The orc priest is moderately wounded.
You closely miss the orc warrior. The orc warrior barely misses you.
Your plate armour prevents you from hitting the orc knight.
The orc knight is lightly wounded.
You hit the orc warrior.
The orc warrior hits you with a +0 short sword.
You closely miss the orc warrior.
The orc warrior is lightly wounded.
You hit the orc knight. You block the orc knight's attack.
The orc priest calls down the wrath of Beogh upon you.
Beogh smites you! You block the orc warrior's attack.
Unknown command.
You closely miss the orc warrior.
The orc warrior is lightly wounded.
You hit the orc knight.
Unknown command.
You closely miss the orc knight.
The orc knight is lightly wounded.
You hit something. You hit the orc warrior. You block the orc warrior's attack.
The orc knight hits you with a +0 dire flail!
You block something's attack.
The orc priest miscasts a cantrip.
Unknown command.
You closely miss the orc warrior.
The orc warrior is moderately wounded.
You miss something.
You hit the orc knight but do no damage.
You block the orc warrior's attack.
The orc knight hits you with a +0 dire flail!!
* * * LOW HITPOINT WARNING * * *
Something hits you but does no damage. You partially resist.
Okay, then.
You fade into invisibility!
You block the orc warrior's attack.
The orc knight hits you with a +0 dire flail!
You die...
Your body crumbles into a pile of gold.

.#### ##.....#
## .......### #
# #.....## # ..
#......## ... #
##......#
....#.##$$$..##
#....#$.$$.##
#..o..#.##
##.o@#### #.{o#
#.### ..# ... $
#####..# ##
.#...# #..#
.... .... ..
###....


You could see an orc knight, an orc warrior (strong) and an orc priest (strong).

Vanquished Creatures
  A two-headed ogre (D:9)
  An orc high priest (Orc:2)
  Pikel (D:8)
  Maurice (D:8)
  A wraith (D:6)
  A wyvern (D:8)
  2 steam dragons
  Menkaure (D:7)
  8 orc warriors
  3 black bears
  3 ogres
  4 lemures (D:8)
  A phantom (D:5)
  2 bullfrogs (D:8)
  A scorpion (D:7)
  2 water moccasin zombies (Ossuary)
  6 killer bees (D:8)
  3 wights (D:7)
  A howler monkey (D:6)
  A bullfrog zombie (D:5)
  2 centaur zombies (D:9)
  3 jellies
  A hound (D:6)
  12 orc priests
  A bullfrog skeleton (D:5)
  2 gnoll shamans
  A centaur skeleton (D:7)
  An iguana (D:5)
  8 orc wizards
  2 mummies (Ossuary)
  Robin (D:2)
  3 howler monkey zombies
  6 adders
  9 gnolls
  3 white imps (D:5)
  2 ufetubi
  5 adder zombies (Ossuary)
  An adder skeleton (D:5)
  2 dart slugs
  55 orcs
  5 endoplasms
  4 giant cockroaches
  9 goblins
  10 hobgoblins
  9 jackals
  4 quokkas
  9 ball pythons
  2 bats
  2 frilled lizards
  2 gnoll zombies (Ossuary)
  4 hobgoblin zombies (Ossuary)
  2 kobolds
  7 kobold zombies (Ossuary)
  7 orc zombies (Ossuary)
  A quokka zombie (D:6)
  4 rats
  A rat zombie (D:6)
246 creatures vanquished.

Vanquished Creatures (others)
  A sky beast (D:8)
1 creature vanquished.

Grand Total: 247 creatures vanquished

Notes
Turn   | Place    | Note
-------+----------+-------------------------------------------
     0 | D:1      | zeram the Hill Orc Fighter began the quest for the Orb.
     0 | D:1      | Reached XP level 1. HP: 19/19 MP: 1/1
   645 | D:1      | Reached skill level 3 in Axes
   645 | D:1      | Reached XP level 2. HP: 26/26 MP: 2/2
  1052 | D:2      | Reached XP level 3. HP: 31/31 MP: 3/3
  1221 | D:2      | Noticed Robin
  1234 | D:2      | Killed Robin
  1243 | D:2      | Reached skill level 4 in Axes
  1376 | D:2      | Reached XP level 4. HP: 37/39 MP: 4/4
  1561 | D:2      | Found a faded altar of an unknown god.
  2064 | D:3      | Noticed 2bobheroes's ghost (amateur OgHu)
  2066 | D:3      | Found a transporter.
  2085 | D:3      | Found a transporter.
  2112 | D:3      | Reached skill level 5 in Axes
  2112 | D:3      | Reached XP level 5. HP: 45/45 MP: 5/5
  2898 | D:4      | Reached skill level 6 in Axes
  3007 | D:4      | HP: 2/45 [acid (5)]
  3031 | D:4      | Reached XP level 6. HP: 33/51 MP: 6/6
  3505 | D:5      | Entered Level 5 of the Dungeon
  3705 | D:5      | Reached skill level 7 in Axes
  3705 | D:5      | Reached skill level 5 in Shields
  3705 | D:5      | Reached XP level 7. HP: 41/57 MP: 7/7
  3963 | D:5      | Reached skill level 8 in Axes
  4639 | D:6      | Noticed a steam dragon
  4639 | D:6      | Found the +6 shillelagh "Devastator" {shatter}
  4650 | D:6      | Killed a steam dragon
  4650 | D:6      | Noticed a wraith
  4651 | D:6      | Reached skill level 5 in Armour
  4668 | D:6      | Killed a wraith
  4669 | D:6      | Reached skill level 9 in Axes
  4669 | D:6      | Reached XP level 8. HP: 55/64 MP: 8/8
  4744 | D:6      | Found a staircase to the Ecumenical Temple.
  4853 | Temple   | Entered the Ecumenical Temple
  4982 | Temple   | Became a worshipper of Gozag Ym Sagoz the Greedy
  5129 | D:6      | Reached skill level 10 in Axes
  5236 | D:6      | Found a sand-covered staircase.
  5253 | Ossuary  | Entered an ossuary
  5790 | D:6      | Reached skill level 11 in Axes
  5790 | D:6      | Reached XP level 9. HP: 33/70 MP: 9/9
  6281 | D:7      | Noticed Menkaure
  6285 | D:7      | Killed Menkaure
  6786 | D:7      | Reached skill level 12 in Axes
  6915 | D:8      | Found a snail-covered altar of Cheibriados.
  6918 | D:8      | Found a glowing golden altar of the Shining One.
  6918 | D:8      | Found a bloodstained altar of Trog.
  6985 | D:8      | Found a shadowy altar of Dithmenos.
  7134 | D:8      | Noticed Maurice
  7169 | D:8      | Killed Maurice
  7278 | D:8      | Reached XP level 10. HP: 73/77 MP: 10/10
  7442 | D:8      | Noticed Pikel
  7479 | D:8      | Killed Pikel
  7480 | D:8      | Reached skill level 13 in Axes
  7736 | D:9      | Found a staircase to the Orcish Mines.
  8222 | D:9      | Noticed a two-headed ogre
  8232 | D:9      | Killed a two-headed ogre
  8504 | Orc:1    | Entered Level 1 of the Orcish Mines
  8540 | Orc:1    | Reached skill level 14 in Axes
  8633 | Orc:2    | Entered Level 2 of the Orcish Mines
  8772 | Orc:2    | Noticed an orc high priest
  8775 | Orc:2    | Noticed an orange demon
  8785 | Orc:2    | Noticed an orc high priest
  8789 | Orc:2    | Killed an orc high priest
  8792 | Orc:2    | Noticed an orc high priest
  8845 | Orc:1    | Found Keckoung's Weapon Shop.
  8846 | Orc:1    | Noticed an orc knight
  8902 | Orc:1    | Mangled by an orc knight

Illustrated notes

Levels and vault maps discovered:
D:1:      minmay_arrival_four_circles, layout_basic
D:2:      layout_loops_ring, ebering_ecumenical_altar_webs, uniq_robin
D:3:      layout_loops_corners, gammafunk_ghost_arena, minmay_shallow_snake_nest
D:4:      layout_basic
D:5:      layout_basic, lemuel_old_faithful
D:6:      layout_loops_cross, minmay_temple_entry_nine_rooms, enter_ossuary_4
D:7:      layout_loops_corners, uniq_menkaure
D:8:      layout_basic, grunt_temple_overflow_open, uniq_maurice, uniq_pikel
D:9:      layout_stronghold, orc_0_dummy
Temple:   nicolae_temple_elliptical
Orc:1:    layout_diamond_mine, serial_shops, nicolae_shop_waterfront
Orc:2:    st_orc_mages, layout_caves, serial_shops, shop,
          ebering_ghost_reflecting_pool, nicolae_orc_tapped_out

Skill      XL: |  1  2  3  4  5  6  7  8  9 10 |
---------------+-------------------------------+-----
Axes           | 3 4 5 6 7 9 11 12 14 | 14.7
Armour         | 4 5 6 7 8 |  8.4
Shields        | 4 5 6 8 9 |  9.6
Fighting       | |  3.6

Action                   |  1- 3 |  4- 6 |  7- 9 | 10-12 || total
-------------------------+-------+-------+-------+-------++-------
Melee: War axe           |   101 |   168 |   432 |   202 ||   903
  Use: Scroll            |       |     6 |    12 |     3 ||    21
       Potion            |       |       |     1 |     4 ||     5
 Stab: Distracted        |       |       |     3 |       ||     3
Armor: Scale mail        |    60 |    80 |       |       ||   140
       Plate armour      |       |    25 |   224 |    88 ||   337
Dodge: Dodged            |    37 |    49 |    56 |    23 ||   165
Block: Kite shield       |    50 |   103 |   223 |   112 ||   488
